 Dungeon Crawl Stone Soup version 0.21-a0-401-g0b6bec4 (webtiles) character file.

30 riteheju the Sneak (level 3, -2/18 HPs)
             Began as a Spriggan Assassin on Oct 25, 2017.
             Slain by a worm (7 damage)
             ... on level 2 of the Dungeon.
             The game lasted 00:04:49 (1316 turns).

riteheju the Sneak (Spriggan Assassin)              Turns: 1316, Time: 00:04:49

Health: -2/18      AC:  3    Str:  7    XL:     3   Next: 5%
Magic:  4/4        EV: 15    Int: 12    God:
Gold:   59         SH:  0    Dex: 18    Spells: 2/2 levels left

rFire    . . .     SeeInvis +   a - +2 dagger
rCold    . . .     Gourm    .   (shield restricted)
rNeg     . . .     Faith    .   m - +0 robe
rPois    .         Spirit   .   (helmet restricted)
rElec    .         Reflect  .   d - +0 cloak
rCorr    .         Harm     .   (gloves unavailable)
MR       .....                  (boots unavailable)
Stlth    +++.......             (no amulet)
HPRegen  0.06/turn              (no ring)
MPRegen  0.09/turn              (no ring)

@: heavily drained, very quick
A: unfitting armour, see invisible, herbivore 3, speed 3, slow metabolism 2
a: no special abilities


You were on level 2 of the Dungeon.
You were not hungry.

You visited 1 branch of the dungeon, and saw 2 of its levels.

You collected 59 gold pieces.

Inventory:

Hand Weapons
 a - a +2 dagger (weapon)
 b - a +0 blowgun
 p - a -1 hand axe
Missiles
 e - 8 poisoned needles
 f - 2 curare-tipped needles
 l - 39 stones (quivered)
 n - 27 arrows
Armour
 c - a +0 robe
 d - a +0 cloak (worn)
 m - a +0 robe (worn)
Jewellery
 o - an uncursed amulet of harm
Scrolls
 j - 2 scrolls of identify {unknown}
 k - a scroll of blinking {unknown}
 q - a scroll of remove curse
Potions
 h - a potion of flight {unknown}
Comestibles
 g - 3 bread rations
 i - a royal jelly


   Skills:
 - Level 1.5(0.0) Fighting
 * Level 2.9(1.2) Short Blades
 - Level 2.1(0.5) Throwing
 - Level 1.5(0.0) Dodging
 + Level 6.9(5.0) Stealth


You had 2 spell levels left.
You didn't know any spells.

Dungeon Overview and Level Annotations

Branches:
Dungeon (2/15)

Altars:


Innate Abilities, Weirdness & Mutations

You are very small and have problems with some larger weapons.
You are too small for most types of armour.
You have supernaturally acute eyesight. (SInv)
You are a herbivore.
You cover ground extremely quickly.
You need consume almost no food.


Message History

You hit the worm.
The worm is heavily wounded.
You barely miss the worm.
The worm is heavily wounded.
The worm bites you!
* * * LOW HITPOINT WARNING * * *
You hit the worm but do no damage.
The worm is heavily wounded.
The worm closely misses you.
You hit the worm but do no damage.
The worm is heavily wounded.
You hit the worm.
The worm is severely wounded.
The worm barely misses you.
You hit the worm.
The worm is severely wounded.
You hit the worm.
The worm is almost dead.
The worm bites you!
You die...

..# #.# #.# #.# #.#
######.#####.#
###.............
#.....##.#####.
##.#.#@##.# ...
#w##.#
#####.###.##.#
....[.....##.#
......#####.#####.#
# #.............)#
#.<......#######
##..###### #..#


You could see a worm.

Vanquished Creatures
  An ooze (D:1)
  A dart slug (D:1)
  A ball python (D:1)
  5 bats (D:1)
  A giant cockroach (D:1)
  A goblin (D:1)
  3 hobgoblins (D:1)
  3 kobolds (D:1)
  A frilled lizard (D:1)
  6 rats (D:1)
23 creatures vanquished.

Notes
Turn   | Place    | Note
-------+----------+-------------------------------------------
     0 | D:1      | riteheju the Spriggan Assassin began the quest for the Orb.
     0 | D:1      | Reached XP level 1. HP: 10/10 MP: 2/2
    90 | D:1      | Reached skill level 6 in Stealth
   268 | D:1      | Reached XP level 2. HP: 14/14 MP: 3/3
  1076 | D:1      | Reached XP level 3. HP: 18/18 MP: 4/4
  1316 | D:2      | Slain by a worm

Vault maps used:
D:1:      elethiomel_arrival_infinity_welcomes_careful_drivers
D:2:      uniq_crazy_yiuf_cottage

Skill      XL: |  1 |
---------------+----+-----
Stealth        | 6 |  6.9
Fighting       | |  1.5
Short Blades   | |  2.9
Throwing       | |  2.1
Dodging        | |  1.5

Action                   || total
-------------------------++-------
Melee: Dagger            ||    78
       Hand axe          ||     3
Throw: Stone             ||    11
  Use: Scroll            ||     2
 Stab: Sleeping          ||     9
       Distracted        ||     1
Armor: Robe              ||    11
Dodge: Dodged            ||    54

Table legend:
 A = Spawn XP
 B = Non-spawn XP
 C = Spawn XP percentage of total XP
 D = Spawn monster count
 E = Non-spawn monster count
 F = Spawn count percentage of total count
 G = Total turns spent on level
                    A         B        C        D         E        F      G
               +---------+---------+-------+---------+---------+-------+---------
         Total |       0 |      44 |   0.0 |       0 |      23 |   0.0 |  1316
               +---------+---------+-------+---------+---------+-------+---------
           D:1 |       0 |      44 |   0.0 |       0 |      23 |   0.0 |  1282
               +---------+---------+-------+---------+---------+-------+---------
